 Dungeon Crawl Stone Soup version 0.26-a0-597-gb535b0901c (webtiles) character file.

Game seed: 5518989785536689218

144 Lanoc the Conjurer (level 5, -1/35 HPs)
             Began as a Demonspawn Conjurer on Sept 2, 2020.
             Slain by a white imp (5 damage)
             ... summoned by Eustachio
             ... on level 4 of the Dungeon.
             The game lasted 00:03:52 (2279 turns).

Lanoc the Conjurer (Demonspawn Conjurer)            Turns: 2279, Time: 00:03:52

Health: -1/35      AC:  3    Str:  7    XL:     5   Next: 5%
Magic:  8/8        EV: 13    Int: 20    God:
Gold:   66         SH:  0    Dex: 16    Spells: 5/8 levels left

rFire    . . .     SeeInvis .   i - +2 war axe (freeze)
rCold    . . .     Faith    .   (no shield)
rNeg     . . .     Spirit   .   a - +1 robe
rPois    .         Reflect  .   (no helmet)
rElec    .         Harm     .   (no cloak)
rCorr    .                      (no gloves)
MR       .....                  (no boots)
Stlth    ++++......             (no amulet)
HPRegen  0.11/turn              k - ring of wizardry
MPRegen  0.11/turn              (no ring)

@: brilliant, lethally poisoned (-1 -> -2)
A: talons 1, thin skeletal structure 2, powered by death 1
a: no special abilities


You were on level 4 of the Dungeon.
You visited 1 branch of the dungeon, and saw 4 of its levels.

You collected 66 gold pieces.

Inventory:

Hand Weapons
 i - a +2 war axe of freezing (weapon)
Armour
 a - a +1 robe (worn)
Jewellery
 k - a ring of wizardry (left hand)
Scrolls
 h - 2 scrolls of enchant armour


   Skills:
 + Level 3.1 Dodging
 - Level 1.7 Stealth
 - Level 2.0 Spellcasting
 * Level 5.7 Conjurations


You had 5 spell levels left.
You knew the following spells:

 Your Spells              Type           Power        Failure   Level
a - Magic Dart            Conj           ####         1%          1
b - Searing Ray           Conj           #####.       1%          2

Your spell library contained the following spells:

 Spells                   Type           Power        Failure   Level
 Dazzling Flash           Conj/Hex       ###...       6%          3
 Confusing Touch          Hex            #.......     19%         3
 Gell's Gravitas          Tloc           #.........   19%         3
 Fulminant Prism          Conj/Hex       ###.......   19%         4
 Iskenderun's Mystic Bla  Conj/Tloc      ###.....     19%         4
 Petrify                  Tmut/Erth      #.......     50%         4
 Metabolic Englaciation   Hex/Ice        #.........   83%         5
 Yara's Violent Unravell  Hex/Tmut       #.........   83%         5


Dungeon Overview and Level Annotations

Branches:
Dungeon (4/15)
 Temple: D:4-7

Altars:
Elyvilon

Annotations:
D:4 Eustachio, Grinder


Innate Abilities, Weirdness & Mutations

You have sharp toenails.
You have a moderately thin skeletal structure. (Dex +4, Stealth+)
You regenerate a little health from kills.


Message History

You feel sick.
The ufetubus hits you but does no damage.
The ufetubus completely misses you.
The ufetubus disappears in a puff of smoke!
Eustachio casts a spell.
Eustachio blinks!
You feel sick.
Eustachio mumbles some strange words.
Eustachio blinks!
The adder barely misses you.
Eustachio gestures wildly while chanting.
The white imp grinds its teeth.
Found a mace.
Eustachio utters an oath, "I will die for my friends!"
A gnoll comes into view. It is wielding a +0 flail.
You feel sick.
Eustachio casts a spell.
The white imp hits you.
* * * LOW HITPOINT WARNING * * *
The white imp freezes you.
You die...

.........##
##....##
...........##
###.##
..........[.##
##
.........o...##
.........$....#
.......5r...##
.......r.@r##
........5S#
........@#
.........#
.........#
..........
.........).
......##....
.##### .....
...g..


You could see Eustachio, an iron imp (summoned), a gnoll (asleep), an adder, a
river rat (summoned), a white imp (summoned), an orc and 2 rats.

Vanquished Creatures
  An ogre (D:4)
  2 adders (D:2)
  A worm (D:3)
  A dart slug (D:2)
  A leopard gecko (D:3)
  3 orcs (D:3)
  A giant cockroach (D:4)
  3 goblins
  2 hobgoblins (D:2)
  7 jackals
  2 bats (D:2)
  A frilled lizard (D:3)
  3 kobolds
  9 rats
37 creatures vanquished.

Notes
Turn   | Place    | Note
-------+----------+-------------------------------------------
     0 | D:1      | Lanoc the Demonspawn Conjurer began the quest for the Orb.
     0 | D:1      | Reached XP level 1. HP: 13/13 MP: 3/3
   329 | D:2      | Gained mutation: You have sharp toenails. [demonic
                  | ancestry]
   329 | D:2      | Reached XP level 2. HP: 11/19 MP: 0/5
  1136 | D:2      | Gained mutation: You have a somewhat thin skeletal
                  | structure. (Dex +2, Stealth) [demonic ancestry]
  1136 | D:2      | Reached XP level 3. HP: 13/24 MP: 1/6
  1661 | D:3      | Learned a level 2 spell: Searing Ray
  1981 | D:2      | Reached skill level 5 in Conjurations
  2111 | D:2      | Found a white marble altar of Elyvilon.
  2216 | D:4      | Noticed an ogre
  2224 | D:4      | Killed an ogre
  2224 | D:4      | Gained mutation: You regenerate a little health from kills.
                  | [demonic ancestry]
  2224 | D:4      | Reached XP level 4. HP: 30/30 MP: 1/7
  2224 | D:4      | Gained mutation: You have a moderately thin skeletal
                  | structure. (Dex +4, Stealth+) [demonic ancestry]
  2224 | D:4      | Reached XP level 5. HP: 35/35 MP: 1/8
  2249 | D:4      | Noticed Grinder
  2249 | D:4      | Noticed Eustachio
  2279 | D:4      | Slain by a white imp

Illustrated notes

Levels and vault maps discovered:
D:1:      dpeg_arrival_signposts, layout_loops_ring
D:2:      layout_loops_corners, elyvilon_altar_5, uniq_sigmund
D:3:      layout_loops_ring, minmay_fractal_squares_gapless_5
D:4:      layout_cave_pods, cheibrodos_sewer_entry_bend, uniq_grinder,
          uniq_eustachio

Skill      XL: |  1  2  3 |
---------------+----------+-----
Dodging        | 2 3 |  3.1
Conjurations   | 5 |  5.7
Stealth        | |  1.7
Spellcasting   | |  2.0

Action                   |  1- 3 |  4- 6 || total
-------------------------+-------+-------++-------
Melee: Unarmed           |    42 |       ||    42
       Kick              |     8 |     1 ||     9
       War axe           |    27 |     4 ||    31
 Cast: Magic Dart        |    40 |       ||    40
       Searing Ray       |     3 |       ||     3
  Use: Scroll            |       |     6 ||     6
       Potion            |       |     2 ||     2
 Stab: Sleeping          |     2 |       ||     2
Armor: Robe              |     9 |     3 ||    12
Dodge: Dodged            |    51 |    20 ||    71

Table legend: (Time is in decaauts)
 A = Elapsed time spent in this place.
 B = Non-inter-level travel time spent in this place.
 C = Inter-level travel time spent in this place.
 D = Time resting spent in this place.
 E = Time spent auto-exploring this place.
 F = Levels seen in this place.
 G = Mean time per level.
                   A        B        C        D        E       F      G
               +--------+--------+--------+--------+--------+-----+--------+
         Total |   2293 |   2278 |     15 |    204 |   1715 |   4 |  573.2 |
       Dungeon |   2293 |   2278 |     15 |    204 |   1715 |   4 |  573.2 |
               +--------+--------+--------+--------+--------+-----+--------+

Top non-repeatable levels by time:
     D:2: 1534 daAuts
     D:3: 481 daAuts
     D:1: 212 daAuts
     D:4: 65 daAuts
